 Dungeon Crawl Stone Soup version 0.29-a0-284-gf9362112df (webtiles) character file.

Game seed: 15995270364576990357

252 Dabor the Cudgeller (level 6, -3/38 HPs)
             Began as a Gargoyle Gladiator on Mar 14, 2022.
             Was a Believer of Wu Jian.
             Engulfed by a steam dragon's steam (5 damage)
             ... on level 4 of the Dungeon.
             The game lasted 00:04:28 (2724 turns).

Dabor the Cudgeller (Gargoyle Gladiator)            Turns: 2724, Time: 00:04:28

Health: -3/38      AC:  9    Str: 19    XL:     6   Next: 14%
Magic:  0/6        EV: 12    Int:  9    God:    Wu Jian [**....]
Gold:   134        SH:  0    Dex: 11    Spells: 5/5 levels left

rFire   . . .      SeeInvis .   a - +0 flail
rCold   . . .      Faith    .   (no shield)
rNeg    + . .      Spirit   +   b - +0 leather armour
rPois   ∞          Reflect  .   c - +0 helmet
rElec   +          Harm     .   k - +0 cloak
rCorr   .          Rampage  .   (no gloves)
Will    .....                   (no boots)
Stlth   +.........              g - amulet of guardian spirit
HPRegen 0.12/turn               (no ring)
MPRegen 0.10/turn               (no ring)

@: hasted, very quick
A: sickness immunity, AC +4, negative energy resistance 1, electricity
resistance, torment resistance 1, petrification resistance
a: Renounce Religion, Wall Jump


You were on level 4 of the Dungeon.
You worshipped Wu Jian.
Wu Jian was pleased with you.
You visited 1 branch of the dungeon, and saw 4 of its levels.

You collected 134 gold pieces.

Inventory:

Hand Weapons
 a - a +0 flail (weapon)
Missiles
 d - 3 throwing nets
 e - a javelin
 o - 5 atropa-tipped darts
 q - 4 boomerangs (quivered)
 s - 6 poisoned darts
Armour
 b - a +0 leather armour (worn)
 c - a +0 helmet (worn)
 k - a +0 cloak (worn)
Jewellery
 g - an amulet of guardian spirit (around neck)
Scrolls
 h - 3 scrolls of identify
 i - 3 scrolls of enchant armour
 j - 2 scrolls of immolation
 m - 2 scrolls of magic mapping
 t - a scroll of teleportation {unknown}
Potions
 f - a potion of haste
 l - a potion of heal wounds {unknown}
 n - a potion of mutation {unknown}
 p - a potion of flight {unknown}
 r - a potion of curing {unknown}


   Skills:
 + Level 3.8 Fighting
 + Level 4.1 Maces & Flails
 - Level 2.4 Throwing
 + Level 2.1 Armour
 + Level 3.4 Dodging


You had 5 spell levels left.
You didn't know any spells.
Your spell library contained the following spells:

 Spells                   Type           Power      Damage    Failure   Level
 Animate Skeleton         Necr           0%         N/A       43%         1
 Apportation              Tloc           0%         N/A       43%         1
 Summon Small Mammal      Summ           0%         N/A       43%         1
 Ensorcelled Hibernation  Hex/Ice        0%         N/A       58%         2
 Spider Form              Tmut/Pois      0%         N/A       82%         3
 Anguish                  Hex/Necr       0%         N/A       99%         4


Dungeon Overview and Level Annotations

Branches:
Dungeon (4/15)
 Temple: D:4-7

Altars:
Ashenzari
Wu Jian


Innate Abilities, Weirdness & Mutations

You are immune to sickness and miasma.
Your stone body is resilient. (AC +4)
You are immune to poison.
You resist negative energy. (rN+)
You are resistant to electric shocks. (rElec)
You are resistant to unholy torment.
You are immune to petrification.


Message History

The orc is almost dead.
The orc hits you with a +0 flail.
You closely miss the orc.
The orc is almost dead.
The orc closely misses you.
You sock the orc!
You kill the orc!
The Council accepts your kill. The steam dragon breathes steam at you.
The ball of steam hits you!
No reachable target in view!
No reachable target in view!
No reachable target in view!
You lunge at the steam dragon.
You thump the steam dragon!
The steam dragon is heavily wounded.
You are engulfed in a cloud of scalding steam.
The steam dragon bites you! The steam dragon barely misses you.
Items here: )))) [ ††.
You hit the steam dragon.
The steam dragon is heavily wounded.
The steam dragon barely misses you. The steam dragon claws you.
You hit the steam dragon.
The steam dragon is severely wounded.
The steam dragon bites you but does no damage.
The steam dragon misses you.
The steam dragon bites you but does no damage.
The steam dragon claws you but does no damage.
You hit the steam dragon.
The steam dragon is severely wounded.
The steam dragon breathes steam at you. The ball of steam hits you!
* * * LOW HITPOINT WARNING * * *
You barely miss the steam dragon.
The steam dragon is severely wounded.
You are engulfed in a cloud of scalding steam.
* * * LOW HITPOINT WARNING * * *
The steam dragon closely misses you. The steam dragon misses you.
You feel yourself speed up.
You are engulfed in a cloud of scalding steam.
You die...

## #.. #.#### #
###.#.. .#
+.#.#.###.#.#
#§#.#.#..... #§#.....#
#@#.....# ##D#.....#
#......#.###
#####..###.#...#
#..........###.#
#............#.# ###
#..........#.#.#####..
#####...>....#....##.#
#........####.##.#


You could see a steam dragon (catching breath).

Vanquished Creatures
  A scorpion (D:4)
  Jessica (D:3)
  An iguana (D:3)
  Terence (D:3)
  4 adders
  3 worms
  2 dart slugs
  6 orcs
  7 endoplasms
  A giant cockroach (D:1)
  6 goblins
  7 hobgoblins
  A quokka (D:2)
  2 ball pythons
  5 bats
  A frilled lizard (D:3)
  8 kobolds
  5 rats
62 creatures vanquished.

Notes
Turn   | Place    | Note
-------+----------+-------------------------------------------
     0 | D:1      | Dabor the Gargoyle Gladiator began the quest for the Orb.
     0 | D:1      | Reached XP level 1. HP: 12/12 MP: 1/1
    15 | D:1      | Found a faded altar of an unknown god.
    39 | D:1      | Prayed at the altar of an unknown god.
    39 | D:1      | Became a worshipper of the Wu Jian Council
    39 | D:1      | Reached * piety under Wu Jian
   188 | D:1      | Reached XP level 2. HP: 18/18 MP: 2/2
   651 | D:1      | Reached XP level 3. HP: 21/22 MP: 3/3
  1012 | D:2      | Reached ** piety under Wu Jian
  1452 | D:2      | Reached XP level 4. HP: 27/28 MP: 2/4
  1703 | D:3      | Noticed Terence
  1788 | D:3      | Killed Terence
  1859 | D:3      | Found a broken altar of Ashenzari.
  2189 | D:3      | Reached skill level 1 in Armour
  2189 | D:3      | Reached XP level 5. HP: 20/32 MP: 3/5
  2404 | D:3      | Noticed Jessica
  2412 | D:3      | Killed Jessica
  2608 | D:4      | Reached skill level 4 in Maces & Flails
  2608 | D:4      | Reached XP level 6. HP: 33/38 MP: 4/6
  2687 | D:4      | Noticed a steam dragon
  2724 | D:4      | Engulfed by a steam dragon's steam

Illustrated notes

Levels and vault maps discovered:
D:1:      dpeg_arrival_pond, layout_basic,
          hellmonk_ecumenical_altar_leap_of_faith, minmay_misc_feat_rugged,
          minmay_misc_feat_columns
D:2:      layout_loops_ring
D:3:      layout_basic, lemuel_doored_altar, amcnicky_mini_pool_small,
          uniq_jessica, uniq_terence
D:4:      layout_basic, serial_shops, kennysheep_little_box, st_stairs_8,
          chequers_serial_rivers_micro_b

Skill      XL: |  1  2  3  4  5 |
---------------+----------------+-----
Throwing       | 2 |  2.4
Fighting       | 3 |  3.8
Dodging        | 3 |  3.4
Armour         | 1 2 |  2.1
Maces & Flails | 4 |  4.1

Action                   |  1- 3 |  4- 6 || total
-------------------------+-------+-------++-------
Melee: Flail             |   104 |   101 ||   205
Throw: Throwing net      |       |     1 ||     1
       Boomerang         |       |    17 ||    17
Invok: Lunge             |     7 |     7 ||    14
       Whirlwind         |       |     1 ||     1
  Use: Scroll            |       |     4 ||     4
       Potion            |       |     1 ||     1
 Stab: Held in net/web   |       |     1 ||     1
Armor: Leather armour    |    42 |    38 ||    80
Dodge: Dodged            |    58 |    65 ||   123

Table legend: (Time is in decaauts)
 A = Elapsed time spent in this place.
 B = Non-inter-level travel time spent in this place.
 C = Inter-level travel time spent in this place.
 D = Time resting spent in this place.
 E = Time spent auto-exploring this place.
 F = Levels seen in this place.
 G = Mean time per level.
                   A        B        C        D        E       F      G
               +--------+--------+--------+--------+--------+-----+--------+
         Total |   2769 |   2622 |    147 |      0 |   2084 |   4 |  692.2 |
       Dungeon |   2769 |   2622 |    147 |      0 |   2084 |   4 |  692.2 |
               +--------+--------+--------+--------+--------+-----+--------+

Top non-repeatable levels by time:
     D:3: 881 daAuts
     D:2: 881 daAuts
     D:1: 849 daAuts
     D:4: 157 daAuts
